 Dungeon Crawl Stone Soup version 0.28.0 (webtiles) character file.

Game seed: 17602569030768605773

157662 fragbeetle the Impassioned (level 17, -1/156 HPs)
             Began as a Hill Orc Fighter on Feb 10, 2022.
             Was a Follower of Uskayaw.
             Slain by a snapping turtle (18 damage)
             ... on level 2 of the Shoals.
             The game lasted 01:49:23 (43871 turns).

fragbeetle the Impassioned (Hill Orc Fighter)      Turns: 43871, Time: 01:49:24

Health: -1/156     AC: 38    Str: 27    XL:     17   Next: 70%
Magic:  19/30      EV:  7    Int:  3    God:    Uskayaw [*.....]
Gold:   1266       SH: 15    Dex: 13    Spells: 16/16 levels left

rFire   + . .      SeeInvis .   C - +4 war axe "Publyc" {vorpal, rElec Will+ Dex+3}
rCold   + . .      Faith    +   D - +2 kite shield {rC+}
rNeg    + . .      Spirit   .   c - +7 plate armour of Daisies {Fly rN+ Int-5}
rPois   +          Reflect  .   T - +2 helmet
rElec   +          Harm     .   B - +2 cloak {Will+}
rCorr   .          Rampage  .   U - +2 pair of gloves
Will    +++..                   M - +0 pair of boots
Stlth   ..........              K - amulet of faith
HPRegen 0.36/turn               s - ring of protection from fire
MPRegen 0.22/turn               I - ring of poison resistance

@: flying
A: no striking features
a: Renounce Religion, Stomp


You were on level 2 of the Shoals.
You worshipped Uskayaw.
Uskayaw was most pleased with you.
You visited 6 branches of the dungeon, and saw 29 of its levels.
You also visited: Bailey, Gauntlet and Ice Cave.

You collected 3209 gold pieces.
You spent 1943 gold pieces at shops.

Inventory:

Hand Weapons
 n - a +1 vampiric executioner's axe
 y - a +4 broad axe of freezing
 C - the +4 war axe "Publyc" (weapon) {vorpal, rElec Will+ Dex+3}
   (You bought it in a shop on level 2 of the Orcish Mines)

   It inflicts extra damage upon your enemies.
   Dex:       It affects your dexterity (+3).
   rElec:     It insulates you from electricity.
   Will:      It increases your willpower.
 Q - a +1 war axe of flaming
Missiles
 p - 4 silver javelins
 v - 12 boomerangs
 z - 2 boomerangs of dispersal
 E - 5 throwing nets
 X - 5 atropa-tipped darts
Armour
 c - the +7 plate armour of Daisies (worn) {Fly rN+ Int-5}
   (You found it in a Gauntlet)

   Int:       It affects your intelligence (-5).
   rN:        It protects you from negative energy.
   Fly:       It grants you flight.
 r - the +15 plate armour of the Grue {+Blink rF- Int+8 Dex-5}
   (You took it off a minotaur in a Gauntlet)

   Int:       It affects your intelligence (+8).
   Dex:       It affects your dexterity (-5).
   rF:        It makes you vulnerable to fire.
   +Blink:    It lets you blink.
 B - a +2 cloak of willpower (worn)
 D - a +2 kite shield of cold resistance (worn)
 J - the +1 cloak of Starlight {*Dazzle EV+4 Stlth--}
   (You bought it in a shop on level 3 of the Snake Pit)

   It may blind those who miss an attack against the wearer in melee combat.
   EV:        It affects your evasion (+4).
   Stlth:     It makes you much less stealthy.
 M - a +0 pair of boots (worn)
 T - a +2 helmet (worn)
 U - a +2 pair of gloves (worn)
Jewellery
 k - a ring of resist corrosion
 o - an amulet of reflection
 s - a ring of protection from fire (left hand)
 w - a ring of positive energy
 I - a ring of poison resistance (right hand)
 K - an amulet of faith (around neck)
 V - a ring of see invisible
Wands
 e - a wand of flame (10) (quivered)
 i - a wand of iceblast (12)
 x - a wand of acid (7)
 P - a wand of digging (6)
 W - a wand of paralysis (7)
Scrolls
 f - 4 scrolls of identify
 m - 7 scrolls of magic mapping
 u - 4 scrolls of fog
 A - 6 scrolls of summoning
 F - 2 scrolls of fear
 G - 5 scrolls of silence
 H - 7 scrolls of blinking
 N - a scroll of enchant armour
 Z - 12 scrolls of teleportation
Potions
 a - 10 potions of curing
 b - 4 potions of cancellation
 d - 4 potions of might
 g - a potion of ambrosia
 h - 2 potions of flight
 j - 5 potions of brilliance
 l - 3 potions of haste
 q - a potion of resistance
 t - 5 potions of heal wounds
 L - 3 potions of invisibility
 O - 6 potions of attraction
 S - a potion of berserk rage
 Y - 2 potions of lignification


   Skills:
 - Level 15.0 Fighting
 - Level 18.0 Axes
 + Level 18.3 Armour
 - Level 15.0 Shields
 + Level 18.4 Invocations
 - Level 10.0 Evocations


You had 16 spell levels left.
You didn't know any spells.
Your spell library contained the following spells:

 Spells                   Type           Power      Damage    Failure   Level
 Apportation              Tloc           0%         N/A       99%         1
 Beastly Appendage        Tmut           0%         N/A       99%         1
 Sting                    Tmut/Pois      0%         1d3       99%         1
 Poisonous Vapours        Pois/Air       0%         N/A       100%        2
 Static Discharge         Conj/Air       0%         N/A       100%        2
 Wereblood                Tmut           0%         N/A       100%        2
 Call Canine Familiar     Summ           0%         N/A       100%        3
 Portal Projectile        Hex/Tloc       0%         N/A       100%        3
 Spider Form              Tmut/Pois      0%         N/A       100%        3
 Teleport Other           Tloc           0%         N/A       100%        3
 Dispel Undead            Necr           0%         3d6       100%        4
 Hailstorm                Conj/Ice       0%         3d3       100%        4
 Leda's Liquefaction      Hex/Erth       0%         N/A       100%        4
 Olgreb's Toxic Radiance  Pois           0%         N/A       100%        4
 Summon Ice Beast         Ice/Summ       0%         N/A       100%        4
 Alistair's Intoxication  Tmut/Pois      0%         N/A       100%        5
 Fireball                 Conj/Fire      0%         3d3       100%        5
 Freezing Cloud           Conj/Ice/Air   0%         6-21      100%        5
 Lee's Rapid Deconstruct  Erth           0%         3d5*      100%        5
 Lightning Bolt           Conj/Air       0%         1d11      100%        5
 Summon Forest            Summ/Tloc      0%         N/A       100%        5
 Summon Mana Viper        Hex/Summ       0%         N/A       100%        5
 Death Channel            Necr           0%         N/A       100%        6
 Simulacrum               Ice/Necr       0%         N/A       100%        6
 Starburst                Conj/Fire      0%         6d3       100%        6
 Statue Form              Tmut/Erth      0%         N/A       100%        6
 Summon Cactus Giant      Summ           0%         N/A       100%        6
 Haunt                    Necr/Summ      0%         N/A       100%        7
 Ozocubu's Refrigeration  Ice            0%         4d5       100%        7
 Ignition                 Fire           0%         3d3       100%        8
 Infestation              Necr           0%         N/A       100%        8
 Maxwell's Capacitive Co  Air            0%         ∞         100%        8
 Polar Vortex             Ice            0%         N/A       100%        9


Dungeon Overview and Level Annotations

Branches:
Dungeon (15/15)            Temple (1/1) D:6            Lair (6/6) D:9
 Shoals (2/4) Lair:2        Snake (3/4) Lair:2        Slime (0/5) Lair:5
    Orc (2/2) D:11            Elf (0/3) Orc:2        Vaults (0/5) D:14
 Depths (0/4) D:15         Bailey (visited)           IceCv (visited)
Gauntlet (visited)

Altars:
Ashenzari
Cheibriados
Dithmenos
Elyvilon
Fedhas
Gozag
Hepliaklqana
Kikubaaqudgha
Makhleb
Nemelex Xobeh
Okawaru
Qazlal
Ru
Sif Muna
Trog
Uskayaw
Vehumet
Wu Jian
Xom
Yredelemnul
Zin
The Shining One

Shops:
D:8 *   D:15 *   Orc:2 ([?:   Shoals:1 [   Snake:2 *   Snake:3 =([[

Portals:
Abyss: Lair:5

Annotations:
D:7 2 transporters, hikkokomori's ghost, novice FoFi
D:10 1 runed translucent door, boopsy's ghost, journeyman HOFi
D:11 exclusion: 3 doors
D:12 1 runed translucent door, exclusion: door
Lair:2 exclusion: oklob plant
Lair:5 2 transporters, browni3141's ghost, journeyman TrBe
Shoals:2 Mlioglotl


Message History

A nearby plant withers and dies. x2
The centaur warrior hits you but does no damage.
The centaur warrior kicks you but does no damage.
The snapping turtle bites you from afar!
* * * LOW HITPOINT WARNING * * *
The centaur warrior completely misses you.
The centaur warrior kicks you but does no damage.
You feel much better.
A nearby plant withers and dies.
You block the centaur warrior's attack. x2
The snapping turtle barely misses you. The centaur warrior hits you!
* * * LOW HITPOINT WARNING * * *
The centaur warrior kicks you but does no damage.
The snapping turtle bites you!
* * * LOW HITPOINT WARNING * * *
The centaur warrior hits you but does no damage.
You block the centaur warrior's attack.
You hit the centaur warrior but do no damage.
The centaur warrior is heavily wounded.
You slash the snapping turtle! You block the centaur warrior's attack.
The centaur warrior barely misses you.
Unknown command.
You feel much better. The snapping turtle bites you!
* * * LOW HITPOINT WARNING * * *
The centaur warrior hits you but does no damage.
The centaur warrior kicks you but does no damage.
Unknown command.
You barely miss the centaur warrior.
The centaur warrior is heavily wounded.
You slash the snapping turtle!
The centaur warrior hits you but does no damage.
The centaur warrior kicks you but does no damage.
The snapping turtle bites you!
* * * LOW HITPOINT WARNING * * *
You barely miss the snapping turtle.
The snapping turtle is moderately wounded.
You hit the centaur warrior.
The centaur warrior hits you but does no damage.
You block the centaur warrior's attack. The snapping turtle bites you!!
You die...

≈≈≈≈≈≈≈P≈≈≈.####<##
≈≈≈≈≈≈≈≈≈≈P≈..†...#
≈≈≈≈≈≈≈≈≈≈P≈......####.
≈≈≈≈≈≈≈≈≈≈≈≈≈≈.≈≈...>.≈
≈≈≈≈≈≈≈≈≈≈≈≈≈≈≈≈≈≈..≈≈≈
≈≈≈≈≈≈≈≈P≈≈≈≈≈≈≈≈≈≈≈≈
≈≈≈≈≈PPP≈≈≈≈≈≈≈≈≈≈≈≈
≈≈≈≈≈≈≈≈P≈≈≈≈≈≈≈≈≈≈
..≈≈≈≈≈≈t@c≈≈≈≈≈≈≈
^.≈≈≈≈≈≈≈≈≈≈≈≈≈≈
..P≈≈≈≈≈≈≈≈≈≈≈≈≈
≈..≈≈≈≈≈≈≈≈≈≈≈≈≈
≈≈≈≈≈≈≈≈≈≈≈≈≈≈≈≈
.≈≈≈≈≈≈≈≈≈≈≈≈≈≈≈
#≈≈≈≈≈≈≈≈≈≈≈≈≈≈≈
..≈≈≈≈≈≈≈≈≈≈≈≈≈


You could see a snapping turtle (pain bonded) and a centaur warrior (pain
bonded).

Vanquished Creatures
  Jorgrun (D:12)
  Rupert (Orc:1)
  A kraken (Shoals:1)
  Agnes (Snake:1)
  Gastronok (Lair:2)
  Roxanne (Snake:3)
  A nagaraja (Snake:3)
  A minotaur (Gauntlet)
  A dire elephant (D:15)
  Azrael (Snake:3)
  3 merfolk impalers (Shoals:1)
  8 naga warriors
  A salamander tyrant (Snake:3)
  Harold (D:9)
  Erolcha (D:10)
  9 hydras
  A yaktaur captain (D:14)
  5 boulder beetles
  2 death knights
  7 centaur warriors
  A merfolk avatar (Shoals:1)
  A catoblepas (Lair:6)
  A satyr (Shoals:1)
  3 alligator snapping turtles
  4 anacondas
  3 two-headed ogres
  4 shock serpents
  3 orc high priests (Orc:2)
  7 naga sharpshooters
  Urug (Lair:2)
  Nergalle (Lair:2)
  3 salamander mystics
  A goliath frog (Lair:6)
  4 sea snakes (Shoals:1)
  3 naga ritualists (Snake:1)
  2 wolf spiders (D:15)
  2 necromancers
  6 harpies
  7 orc knights
  6 ugly things
  8 cyclopes
  6 orc sorcerers (Orc:2)
  2 oklob plants
  A mana viper (Snake:1)
  5 manticores
  3 slime creatures
  5 fauns (Shoals:1)
  8 salamanders
  10 elephants
  7 merfolk sirens
  28 black mambas
  4 guardian serpents
  A water nymph (Shoals:2)
  2 ice statues
  14 naga magi
  3 rime drakes
  21 cane toads
  2 gargoyles
  A cane toad (shapeshifter) (D:13)
  A kobold demonologist (D:12)
  3 anaconda simulacra (IceCv)
  5 freezing wraiths
  2 entropy weaver simulacra (IceCv)
  13 komodo dragons
  11 ice devils (IceCv)
  3 efreet
  2 yaktaurs (D:14)
  3 tyrant leeches (Lair:6)
  2 wind drakes
  A polar bear (Lair:1)
  5 merfolk
  A hornet (shapeshifter) (D:14)
  A hornet (D:9)
  10 trolls
  33 blink frogs
  10 dream sheep
  3 snapping turtles
  11 flying skulls (Gauntlet)
  2 shadows (D:12)
  3 water elementals
  4 fire elementals (Snake:3)
  2 wraiths
  A yak (shapeshifter) (D:14)
  A dire elephant simulacrum (IceCv)
  21 yaks
  A fire bat (shapeshifter) (D:15)
  4 basilisks
  The ghost of axecop the Skirmisher, an amateur DsAK of Lugonu (D:3)
  2 wyverns
  9 vampire mosquitoes
  4 death yak simulacra (IceCv)
  33 nagas
  7 wargs
  2 harpy simulacra (IceCv)
  11 water moccasins
  3 hell hounds (Snake:3)
  An acid dragon (D:11)
  22 orc warriors
  2 sky beasts
  A black bear (shapeshifter) (D:13)
  2 ice beasts
  3 necrophages
  21 centaurs
  9 ogres
  15 wolves
  A kobold brigand (D:4)
  13 bullfrogs
  2 scorpions
  3 cane toad simulacra (IceCv)
  A two-headed ogre simulacrum (IceCv)
  2 water moccasin skeletons
  19 killer bees
  4 elephant simulacra (IceCv)
  5 wights (D:7)
  4 electric eels (D:13)
  3 howler monkeys
  A bullfrog zombie (D:6)
  3 hounds
  11 orc priests
  A gnoll shaman (D:8)
  2 jellies
  6 centaur zombies
  A bullfrog skeleton (D:6)
  An iguana (D:5)
  21 orc wizards
  2 polar bear simulacra (IceCv)
  7 wolf simulacra (IceCv)
  2 hound skeletons (D:4)
  A hound zombie (D:5)
  Robin (D:2)
  16 gnolls
  2 naga simulacra (IceCv)
  6 adders
  2 shadow imps
  4 white imps
  An ufetubus (IceCv)
  5 worms
  2 dart slugs
  65 orcs
  9 ball pythons
  2 bats (D:1)
  8 endoplasms
  3 giant cockroaches
  14 goblins
  9 hobgoblins
  6 jackals (D:1)
  5 kobolds
  4 quokkas
  5 frilled lizards
  6 rats
  2 tentacles (Shoals:1)
842 creatures vanquished.

Vanquished Creatures (others)
  A black mamba (Snake:1)
  A naga mage (Snake:2)
  71 fungi
  169 plants
  3 tentacles (Shoals:1)
  22 withered plants (Gauntlet)
267 creatures vanquished.

Grand Total: 1109 creatures vanquished

Notes
Turn   | Place    | Note
-------+----------+-------------------------------------------
     0 | D:1      | fragbeetle the Hill Orc Fighter began the quest for the
                  | Orb.
     0 | D:1      | Reached XP level 1. HP: 19/19 MP: 1/1
   268 | D:1      | Reached XP level 2. HP: 26/26 MP: 2/2
   364 | D:1      | Found a faded altar of an unknown god.
   476 | D:1      | Reached XP level 3. HP: 7/31 MP: 3/3
   908 | D:1      | Reached skill level 5 in Axes
  1011 | D:1      | You fall into a shaft and drop 1 floor!
  1011 | D:2      | Noticed Robin
  1024 | D:2      | Reached XP level 4. HP: 39/39 MP: 4/4
  1175 | D:2      | Noticed an ogre
  1190 | D:2      | Killed an ogre
  1191 | D:2      | Reached XP level 5. HP: 10/45 MP: 5/5
  1696 | D:2      | Killed Robin
  1697 | D:2      | Reached XP level 6. HP: 32/51 MP: 6/6
  2897 | D:3      | Found a runed translucent door.
  2898 | D:3      | Noticed a sky beast
  2899 | D:3      | Noticed axecop's ghost (amateur DsAK)
  3502 | D:4      | Reached XP level 7. HP: 57/57 MP: 7/7
  3610 | D:4      | Reached skill level 10 in Axes
  4353 | D:5      | Entered Level 5 of the Dungeon
  4476 | D:5      | Reached XP level 8. HP: 36/64 MP: 8/8
  4828 | D:5      | Found a sacrificial altar of Ru.
  5449 | D:6      | Noticed a two-headed ogre
  5721 | D:6      | Killed a two-headed ogre
  5722 | D:6      | Reached XP level 9. HP: 46/81 MP: 9/9
  6102 | D:6      | Noticed a two-headed ogre
  6280 | D:6      | Killed a two-headed ogre
  6281 | D:6      | Reached skill level 10 in Fighting
  6428 | D:6      | Found a staircase to the Ecumenical Temple.
  6442 | Temple   | Entered the Ecumenical Temple
  6567 | Temple   | Became a worshipper of Uskayaw the Reveller
  6710 | D:6      | Reached * piety under Uskayaw
  6712 | D:6      | Reached ** piety under Uskayaw
  6713 | D:6      | Reached skill level 5 in Armour
  7086 | D:7      | Noticed a two-headed ogre
  7087 | D:7      | Noticed hikkokomori's ghost (novice FoFi)
  7088 | D:7      | Noticed a moth of wrath
  7112 | D:7      | Found a transporter.
  7134 | D:7      | Reached *** piety under Uskayaw
  7135 | D:7      | Reached XP level 10. HP: 93/93 MP: 10/10
  7159 | D:7      | Reached **** piety under Uskayaw
  7863 | D:7      | Found a transporter.
  7901 | D:7      | Found a bloodstained altar of Trog.
  8043 | D:8      | Found Edytzumy's General Store.
  8054 | D:8      | Reached ***** piety under Uskayaw
  8066 | D:8      | Reached ****** piety under Uskayaw
  8077 | D:8      | Bought a scroll of identify for 30 gold pieces
  8077 | D:8      | Bought a scroll of identify for 30 gold pieces
  8077 | D:8      | Bought a potion of cancellation for 120 gold pieces
  8718 | D:9      | Found a flagged portal.
  8724 | D:9      | Paralysed by a hornet for 2 turns
  8974 | Bailey   | Entered a bailey
  9046 | Bailey   | Reached skill level 10 in Armour
  9055 | Bailey   | Reached skill level 1 in Invocations
  9140 | Bailey   | Noticed an orc knight
  9171 | Bailey   | Noticed an orc knight
  9173 | Bailey   | Killed an orc knight
  9188 | Bailey   | Killed an orc knight
  9432 | Bailey   | Reached skill level 5 in Invocations
  9652 | D:9      | Reached XP level 11. HP: 86/99 MP: 15/15
  9722 | D:9      | Found a staircase to the Lair.
  9767 | D:9      | Noticed Harold
  9780 | D:9      | Killed Harold
 10065 | D:9      | Noticed a two-headed ogre
 10076 | D:9      | Killed a two-headed ogre
 10648 | D:10     | Entered Level 10 of the Dungeon
 10745 | D:10     | Found a runed translucent door.
 10777 | D:10     | Acquired a manual of Armour
 10820 | D:10     | Reached skill level 15 in Axes
 11078 | D:10     | Noticed boopsy's ghost (journeyman HOFi)
 11128 | D:10     | Identified the +3 rapier "Umuybuet" {flame, rF+ Stlth+}
 11549 | D:10     | Noticed Erolcha
 11556 | D:10     | Killed Erolcha
 11951 | D:3      | Killed axecop's ghost
 12151 | D:11     | Noticed a five-headed hydra
 12331 | D:11     | Noticed a centaur warrior
 12341 | D:11     | Killed a centaur warrior
 12342 | D:11     | Reached skill level 10 in Invocations
 12428 | D:11     | Found a staircase to the Orcish Mines.
 12784 | D:11     | Reached XP level 12. HP: 73/106 MP: 19/19
 13217 | Lair:1   | Entered Level 1 of the Lair of Beasts
 13343 | Lair:1   | Reached skill level 5 in Shields
 14796 | Lair:2   | Found a staircase to the Snake Pit.
 15115 | Lair:2   | Noticed a five-headed hydra
 15130 | Lair:2   | Killed a one-headed hydra
 15318 | Lair:2   | You fall into a shaft and drop 1 floor!
 15370 | Lair:2   | Found a staircase to the Shoals.
 15382 | Lair:2   | Noticed Gastronok
 15782 | Lair:2   | Noticed Urug
 15788 | Lair:2   | Noticed Nergalle
 15901 | Lair:2   | Killed Nergalle
 16364 | Lair:2   | Reached skill level 15 in Armour
 16472 | Lair:2   | Killed Urug
 16473 | Lair:2   | Reached XP level 13. HP: 65/113 MP: 20/20
 16732 | Lair:2   | Killed Gastronok
 16733 | Lair:2   | Reached skill level 10 in Shields
 21454 | Lair:5   | Found a staircase to the Slime Pits.
 21638 | Lair:5   | Noticed browni3141's ghost (journeyman TrBe)
 21639 | Lair:5   | Found a transporter.
 21643 | Lair:5   | Found a one-way gate to the infinite horrors of the Abyss.
 21643 | Lair:5   | Found a transporter.
 21738 | Lair:5   | Found an opulent altar of Gozag.
 21852 | Lair:6   | Entered Level 6 of the Lair of Beasts
 21923 | Lair:6   | Reached XP level 14. HP: 93/121 MP: 13/22
 23662 | Lair:6   | Reached skill level 15 in Invocations
 24547 | Lair:6   | Identified the +5 war axe of a Million Visionaries
                  | {protect, *Corrode rElec Will++ Dex+2}
 24926 | Orc:1    | Entered Level 1 of the Orcish Mines
 25198 | Orc:2    | Entered Level 2 of the Orcish Mines
 25216 | Orc:2    | Noticed Rupert
 25260 | Orc:1    | Killed Rupert
 25401 | Orc:2    | Found a staircase to the Elven Halls.
 26999 | Orc:2    | Found Welodyqe's Weapon Shoppe.
 27034 | Orc:2    | Found Xostrudgh's Book Shoppe.
 27034 | Orc:2    | Found Gompeas's Magic Scroll Boutique.
 27239 | Orc:2    | Found Raagy's Antique Armour Boutique.
 27264 | Orc:2    | Bought a scroll of enchant weapon for 90 gold pieces
 27272 | Orc:2    | Bought a runed cloak for 285 gold pieces
 27279 | Orc:2    | Bought the +4 war axe "Publyc" {vorpal, rElec Will+ Dex+3}
                  | for 715 gold pieces
 28016 | D:12     | Reached XP level 15. HP: 111/135 MP: 26/26
 28017 | D:12     | Found a frozen archway.
 28038 | IceCv    | Entered an ice cave
 28563 | IceCv    | Found an ancient bone altar of Kikubaaqudgha.
 28901 | IceCv    | Got the Volume of the Unholy Frostbite
 28972 | IceCv    | Got the Reference Book on the Glacier
 29525 | D:12     | Noticed Jorgrun
 29825 | D:13     | Found a radiant altar of Vehumet.
 31078 | D:14     | Found a gate to the Vaults.
 31346 | D:14     | Found the +3 robe of Clouds {*Thunder rCloud rElec}
 31351 | D:14     | Identified the +5 ring mail "Saotaan" {Will+}
 31623 | D:14     | Reached skill level 15 in Shields
 31627 | D:14     | Reached skill level 1 in Evocations
 32264 | D:15     | Entered Level 15 of the Dungeon
 32264 | D:15     | Found a gate leading to a gauntlet.
 32348 | Gauntlet | Entered a Gauntlet
 32348 | Gauntlet | Found a transporter.
 32361 | Gauntlet | Found a transporter.
 32372 | Gauntlet | Found a transporter.
 32377 | Gauntlet | Found a transporter.
 32392 | Gauntlet | Found a transporter.
 32411 | Gauntlet | Found a transporter.
 32423 | Gauntlet | Found a transporter.
 32435 | Gauntlet | Found a transporter.
 32447 | Gauntlet | Found a transporter.
 32459 | Gauntlet | Found a transporter.
 32465 | Gauntlet | Found a transporter.
 32485 | Gauntlet | Found a transporter.
 32505 | Gauntlet | Found a transporter.
 32532 | Gauntlet | Found a transporter.
 32550 | Gauntlet | Found a transporter.
 32552 | Gauntlet | Found a transporter.
 32630 | Gauntlet | Found a transporter.
 32650 | Gauntlet | Found a transporter.
 32924 | Gauntlet | Reached skill level 5 in Evocations
 33015 | Gauntlet | Identified the +7 plate armour of Daisies {Fly rN+ Int-5}
 33136 | Gauntlet | Identified the +15 plate armour of the Grue {+Blink rF-
                  | Int+8 Dex-5}
 33323 | Gauntlet | Got Sif Muna's Disquisition on Translocation
 33331 | Gauntlet | Identified the +6 acid dragon scales "Munirr" {Drain rPois
                  | rCorr Str+6}
 33389 | D:15     | Found Jaesoutu's Serpentskin Sales.
 33689 | D:15     | Found a staircase to the Depths.
 33698 | D:15     | Reached XP level 16. HP: 142/145 MP: 27/27
 34300 | D:12     | Killed Jorgrun
 35015 | D:12     | Noticed a sphinx
 35015 | D:12     | Noticed a shadow dragon
 35015 | D:12     | Noticed a sphinx
 35016 | D:12     | Found a runed translucent door.
 35018 | D:12     | Identified the +1 halberd "Loazug" {vorpal, Drain rC+++
                  | Stlth+}
 35018 | D:12     | Noticed a tengu reaver
 35018 | D:12     | Noticed a sphinx
 35327 | Snake:1  | Entered Level 1 of the Snake Pit
 36115 | Snake:1  | Reached skill level 10 in Evocations
 37112 | Snake:1  | Noticed Agnes
 37122 | Snake:1  | Killed Agnes
 37768 | Snake:2  | Found Leful's CLEARANCE SALE!.
 37781 | Snake:2  | Bought a ring of positive energy for 60 gold pieces
 37781 | Snake:2  | Bought a scroll of enchant armour for 22 gold pieces
 38651 | Snake:3  | Noticed a nagaraja
 38668 | Snake:3  | Killed a nagaraja
 39103 | Snake:3  | Reached skill level 15 in Fighting
 39118 | Snake:3  | Found Sodavow's Armour Emporium.
 39118 | Snake:3  | Found Semow's Weapon Shoppe.
 39205 | Snake:3  | Reached XP level 17. HP: 135/156 MP: 29/29
 40086 | Snake:3  | Noticed Azrael
 40105 | Snake:3  | Killed Azrael
 40121 | Snake:3  | Found Xabihupn's Jewellery Shoppe.
 40125 | Snake:3  | Bought a ring of see invisible for 225 gold pieces
 40126 | Snake:3  | Found Emmuv's Armour Emporium.
 40185 | Snake:3  | Noticed Roxanne
 40949 | Snake:3  | Killed Roxanne
 41075 | Snake:3  | Bought the +1 cloak of Starlight {*Dazzle EV+4 Stlth--} for
                  | 366 gold pieces
 41075 | Snake:3  | Found the +1 cloak of Starlight {*Dazzle EV+4 Stlth--}
 41285 | Shoals:1 | Entered Level 1 of the Shoals
 42162 | Shoals:1 | Found Egara's Dragon-Slaying Spoils.
 42338 | Shoals:1 | Noticed a kraken
 42347 | Shoals:1 | Killed a kraken
 43519 | Shoals:2 | Noticed Mlioglotl
 43871 | Shoals:2 | Slain by a snapping turtle

Illustrated notes

Levels and vault maps discovered:
D:1:      tarquinn_simple_flora_water_b, layout_rooms, basic_ecumenical_altar
D:2:      layout_rooms, minivault_4, grunt_ministairs_6, nicolae_wormholes,
          uniq_robin
D:3:      layout_basic, ebering_ghost_inner_flame
D:4:      layout_gridville, minmay_distorted
D:5:      layout_cave_pools, mainiacjoe_overflow_catwalk
D:6:      kennysheep_big_flooded_room, layout_basic,
          minmay_temple_entry_nine_rooms
D:7:      layout_rooms, gammafunk_ghost_wrathful_warriors
D:8:      layout_rooms, serial_shops, shop
D:9:      layout_irregular_city, erik_lair_orcish_takeover, enter_bailey_7,
          grunt_ministairs_3, eino_tiny_chamber, uniq_harold
D:10:     minmay_evil_eye, layout_basic, hellmonk_ghost_happy_afterlife,
          minmay_misc_feat_x, uniq_erolcha
D:11:     layout_roguey, orc_0_dummy
D:12:     minmay_gate_of_8, layout_layer_cave, portal_ice_cave_entry_pillars_2,
          uniq_jorgrun
D:13:     layout_basic, vehumet_crystals
D:14:     layout_irregular_city, david_vaults_2, infiniplex_staircase_pillars_1
D:15:     hangedman_depths_entry_try_elsewhere_first, layout_cross,
          gauntlet_entry_generic, guppyfry_shop_venom
Temple:   grunt_wide_crystal_templ
Lair:1:   layout_long_grid, pond, infiniplex_staircase_pool, grunt_megastairs_4
Lair:2:   layout_loops_ring, minmay_shoals_entry_lonely_mermaid,
          dummy_snake_entry, minmay_lair_oklob_bushes,
          chequers_serial_rivers_room_a, uniq_gastronok, uniq_urug,
          uniq_nergalle
Lair:3:   layout_small_grid
Lair:4:   layout_concentric_octagons, wad_woods_river_04
Lair:5:   layout_gridlike, slime_dummy, gammafunk_ghost_abyssal_escape,
          lemuel_centaur_altar, grunt_megastairs_3
Lair:6:   minmay_lair_end_frog_pond, layout_regular_city,
          dreamdust_deal_with_the_devil, chequers_serial_rivers_room_a,
          minmay_lair_oklob_items, chequers_serial_rivers_large_a
Shoals:1: cheibrodos_shoals_oceanic_diplomacy, layout_shoals,
          nicolae_shop_dragon_depot
Shoals:2: layout_shoals, serial_shops, shop,
          nicolae_shoals_lost_giant_amphitheater, uniq_mlioglotl, uniq_kirke
Snake:1:  layout_layer_cave, uniq_agnes
Snake:2:  layout_basic, serial_bayou_pond_c, abandoned_shop,
          nicolae_shop_clearance
Snake:3:  layout_chambers, st_stairs_12, fake_guardian_serpent_vault,
          serial_bayou_shore_b, minmay_shoptagon, uniq_azrael, uniq_roxanne
Orc:1:    layout_diamond_mine
Orc:2:    st_orc_elflike, layout_diamond_mine, uniq_rupert

Skill      XL: |  1  2  3  4  5  6  7  8  9 10 11 12 13 14 15 16 17 |
---------------+----------------------------------------------------+-----
Axes           | 3 4 5 7 8 9 11 13 14 16 18 | 18.0
Fighting       | 8 10 13 15 | 15.0
Armour         | 6 10 15 16 18 | 18.3
Invocations    | 5 10 11 15 16 18 | 18.4
Shields        | 4 9 12 15 | 15.0
Evocations     | 7 10 | 10.0

Action                   |  1- 3 |  4- 6 |  7- 9 | 10-12 | 13-15 | 16-18 || total
-------------------------+-------+-------+-------+-------+-------+-------++-------
Melee: War axe           |    94 |   130 |   271 |   630 |   242 |   659 ||  2026
       Hand axe          |       |       |       |    11 |       |       ||    11
       Broad axe         |       |       |       |       |  1046 |   211 ||  1257
Throw: Dart              |       |       |     3 |     4 |     2 |       ||     9
       Throwing net      |       |       |       |     1 |       |       ||     1
       Boomerang         |       |       |       |     2 |       |     2 ||     4
Invok: Line Pass         |       |       |       |     2 |     1 |       ||     3
       Grand Finale      |       |       |       |       |     3 |     3 ||     6
Evoke: Wand              |       |       |     3 |    11 |    16 |     6 ||    36
  Use: Scroll            |     1 |       |       |    22 |    14 |     3 ||    40
       Potion            |       |       |       |     4 |       |     5 ||     9
 Stab: Paralysed         |       |       |       |    77 |   175 |   118 ||   370
       Confused          |       |       |       |       |     1 |       ||     1
Armor: Scale mail        |    49 |    52 |   107 |    12 |       |       ||   220
       Ring mail         |       |       |       |    68 |       |       ||    68
       Plate armour      |       |       |       |    16 |    35 |   420 ||   471
       Chain mail        |       |       |       |   229 |   505 |       ||   734
Dodge: Dodged            |    56 |    64 |    91 |   215 |   302 |   135 ||   863
Block: Buckler           |    24 |    21 |    36 |   110 |   168 |       ||   359
       Kite shield       |       |       |       |       |   183 |   545 ||   728
